 Dungeon Crawl Stone Soup version 0.31-a0-188-g5e087ee2ca (webtiles) character file.

Game seed: 11430049368113098135

322 qw the Skirmisher (level 6, 0/36 HPs)
             Began as a Deep Elf Hunter on June 23, 2023.
             Slain by a scorpion (3 damage)
             ... on level 4 of the Dungeon.
             The game lasted 00:01:17 (3939 turns).

qw the Skirmisher (Deep Elf Hunter)                 Turns: 3939, Time: 00:01:17

Health: 0/36       AC:  9    Str: 16    XL:     6   Next: 22%
Magic:  8/8        EV: 11    Int: 14    God:
Gold:   239        SH:  0    Dex: 18    Spells: 5/5 levels left

rFire   . . .        Y - +0 shortbow
rCold   . . .        (shield currently unavailable)
rNeg    . . .        h - +0 ring mail
rPois   .            e - +0 helmet
rElec   .            (no cloak)
rCorr   .            f - +2 pair of gloves
SInv    .            (no boots)
Will    .....        i - amulet of faith
Stlth   +            d - +6 ring of strength
HPRegen 0.26/turn    (no ring)
MPRegen 0.11/turn

%: faith
@: no status effects
A: no striking features
a: no special abilities


You were on level 4 of the Dungeon.
You visited 1 branch of the dungeon, and saw 5 of its levels.

You collected 239 gold pieces.


   Skills:
 - Level 2.6 Fighting
 - Level 9.2 Ranged Weapons
 + Level 2.6 Dodging
 - Level 1.2 Stealth


You had 5 spell levels left.
You didn't know any spells.
Your spell library was empty.

Inventory:

Hand Weapons
 Y - a +0 shortbow (weapon)
Armour
 e - a +0 helmet (worn)
 f - a +2 pair of gloves (worn)
 h - a +0 ring mail (worn)
Jewellery
 d - a +6 ring of strength (left hand)
 i - an amulet of faith (around neck)
Scrolls
 a - a scroll of identify
Potions
 b - 2 potions of mutation
 g - 2 potions of curing
 k - a potion of lignification {unknown}
 m - a potion of haste

Dungeon Overview and Level Annotations

Branches:
Dungeon (5/15)
 Temple: D:4-7

Altars:
Fedhas

Annotations:
D:2 1 runed translucent door, Crazy Yiuf


Message History

The scorpion is heavily wounded.
You feel sick.
The scorpion stings you but does no damage.
The orc barely misses you.
You shoot an arrow. The arrow closely misses the scorpion.
You feel sick. The scorpion misses you. The orc barely misses you.
You shoot an arrow. The arrow barely misses the scorpion.
You feel sick.
The scorpion stings you but does no damage.
The orc barely misses you.
You shoot an arrow. The arrow hits the scorpion.
The scorpion is heavily wounded.
You feel sick.
You are no longer poisoned.
The scorpion barely misses you. The orc barely misses you.
The scorpion stings you but does no damage.
You shoot an arrow. The arrow barely misses the scorpion.
The scorpion stings you. The orc closely misses you.
You shoot an arrow. The arrow barely misses the scorpion.
The scorpion stings you but does no damage.
The orc barely misses you.
You shoot an arrow. The arrow closely misses the scorpion.
The scorpion closely misses you. The orc barely misses you.
You shoot an arrow. The arrow closely misses the scorpion.
The scorpion stings you. The orc hits you with a +0 dagger.
The scorpion completely misses you.
You shoot an arrow.
The arrow completely misses the scorpion.
The scorpion stings you but does no damage.
The orc barely misses you.
You shoot an arrow. The arrow closely misses the scorpion.
The scorpion stings you but does no damage.
The orc completely misses you.
You shoot an arrow. The arrow barely misses the scorpion.
The scorpion closely misses you. The orc closely misses you.
You shoot an arrow. The arrow hits the scorpion.
The scorpion is severely wounded.
The scorpion misses you. The orc hits you with a +0 dagger.
The scorpion stings you.
You die...

#...###.###.............#
...## #..##............##
..## ##..............##
..## ##..###........##
##.####..## ##.......#
#..##..## ##...####
##....## ##.## #.....##
##.s# ##......### #.@.#
##..[...#..####o.##
#........#......##
#.....#...#.....#
.....###......### .....#
##....## .....# #..<##
.....## ##.###
......####...#


You could see a scorpion and an orc.

Vanquished Creatures
  A black bear (D:4)
  A scorpion (D:4)
  A hound (D:4)
  Robin (D:3)
  3 adders
  2 dart slugs
  6 orcs (D:3)
  4 bats
  3 endoplasms
  7 giant cockroaches
  8 goblins
  14 hobgoblins
  5 jackals
  10 kobolds
  7 quokkas
  8 ball pythons
  4 frilled lizards
  6 rats
91 creatures vanquished.

Notes
Turn   | Place    | Note
-------+----------+-------------------------------------------
     0 | D:1      | qw the Deep Elf Hunter began the quest for the Orb.
     0 | D:1      | Reached XP level 1. HP: 12/12 MP: 3/3
     0 | D:1      | 0 ||| qw: Version: 0.3-a-9-g12657ce
     0 | D:1      | 0 ||| qw: Game counter: 3503
     0 | D:1      | 0 ||| qw: Always use a shield: true
     0 | D:1      | 0 ||| qw: God list: Okawaru
     0 | D:1      | 0 ||| qw: Allow faded altars: false
     0 | D:1      | 0 ||| qw: Do Orc after D:15 true
     0 | D:1      | 0 ||| qw: Do second Lair branch before Depths: true
     0 | D:1      | 0 ||| qw: Lair rune preference: random
     0 | D:1      | 0 ||| qw: Plans: Normal
     0 | D:1      | 0 ||| PLANNING D:1-11
     3 | D:1      | Noticed an elf
     3 | D:1      | Noticed a vine stalker
     5 | D:1      | Noticed an octopode
     5 | D:1      | Noticed an ogre
     7 | D:1      | Noticed a tengu
     9 | D:1      | Noticed a felid
     9 | D:1      | Noticed a gargoyle
    11 | D:1      | Noticed an armataur
    11 | D:1      | Noticed a naga
    13 | D:1      | Noticed a formicid
    13 | D:1      | Noticed a troll
    15 | D:1      | Noticed a merfolk
    15 | D:1      | Noticed a meteoran
    17 | D:1      | Noticed a human
    17 | D:1      | Noticed a spriggan
    19 | D:1      | Noticed a draconian
    19 | D:1      | Noticed a vampire
    21 | D:1      | Noticed a demonspawn
    23 | D:1      | Noticed a ghoul
    23 | D:1      | Noticed a demigod
    25 | D:1      | Noticed a troll
    27 | D:1      | Noticed a demigod
    27 | D:1      | Noticed an armataur
   135 | D:1      | Reached skill level 6 in Ranged Weapons
   135 | D:1      | Reached XP level 2. HP: 16/16 MP: 4/4
   323 | D:1      | 323 ||| Stepping ~*~*~tactically~*~*~ (outnumbered).
   405 | D:1      | Reached XP level 3. HP: 20/20 MP: 5/5
   467 | D:1      | 467 ||| UPGRADING to +0 pair of gloves.
   472 | D:1      | 472 ||| UPGRADING to +0 ring mail.
   482 | D:1      | 482 ||| DROPPING +0 leather armour.
   483 | D:1      | 483 ||| UPGRADING to amulet of faith.
   488 | D:1      | 488 ||| READING scroll labelled WAKLUDWI MOQU.
   489 | D:1      | 489 ||| READING 2 scrolls labelled REIQONA TAHOWU.
   490 | D:1      | 490 ||| READING scroll of enchant armour.
   490 | D:1      | 490 ||| ENCHANTING +0 pair of gloves.
   491 | D:1      | 491 ||| READING scroll labelled VIAGED OKODONT.
   492 | D:1      | 492 ||| READING scroll labelled VUETWI DOXEIG.
   495 | D:1      | 495 ||| DROPPING scroll of butterflies.
   642 | D:2      | Reached skill level 7 in Ranged Weapons
   979 | D:2      | Reached XP level 4. HP: 19/25 MP: 6/6
  1165 | D:2      | Found a runed translucent door.
  1166 | D:2      | Noticed Crazy Yiuf
  1485 | D:2      | 1485 ||| DROPPING ring of magical power.
  1486 | D:2      | 1486 ||| UPGRADING to +6 ring of strength.
  1487 | D:2      | 1487 ||| READING 4 scrolls labelled WIHADA HYJAEN.
  1488 | D:2      | 1488 ||| READING 3 scrolls of identify.
  1488 | D:2      | 1488 ||| IDENTIFYING fizzy pink potion
  1489 | D:2      | 1489 ||| READING 2 scrolls of identify.
  1489 | D:2      | 1489 ||| IDENTIFYING fuming amethyst potion
  1625 | D:3      | Found a blossoming altar of Fedhas.
  1880 | D:3      | 1880 ||| READING scroll of enchant armour.
  1880 | D:3      | 1880 ||| ENCHANTING +1 pair of gloves.
  1972 | D:3      | 1972 ||| FLEEEEING.
  1990 | D:3      | Reached skill level 8 in Ranged Weapons
  2344 | D:3      | Noticed Robin
  2354 | D:3      | Killed Robin
  2436 | D:3      | 2436 ||| UPGRADING to +0 helmet.
  2441 | D:3      | 2441 ||| READING 3 scrolls labelled LUEDEU ATRUOWK.
  2442 | D:3      | 2442 ||| DROPPING 2 scrolls of revelation.
  2487 | D:4      | HP: 6/25 [poisoned by a kobold]
  2693 | D:4      | Reached XP level 5. HP: 28/29 MP: 7/7
  3120 | D:4      | Reached skill level 9 in Ranged Weapons
  3159 | D:4      | Noticed a black bear
  3170 | D:4      | Killed a black bear
  3171 | D:4      | Reached XP level 6. HP: 11/36 MP: 8/8
  3765 | D:4      | 3765 ||| READING scroll labelled YSHIUJU BUJI.
  3766 | D:4      | 3766 ||| DRINKING 2 ruby potions.
  3767 | D:4      | 3767 ||| READING 2 scrolls of identify.
  3767 | D:4      | 3767 ||| IDENTIFYING lumpy grey potion
  3768 | D:4      | 3768 ||| DROPPING potion of berserk rage.
  3801 | D:5      | Entered Level 5 of the Dungeon
  3808 | D:5      | Noticed a water moccasin
  3810 | D:5      | 3810 ||| FLEEEEING.
  3811 | D:5      | 3811 ||| FLEEEEING.
  3812 | D:5      | 3812 ||| FLEEEEING.
  3813 | D:5      | 3813 ||| STAIRDANCE
  3919 | D:5      | 3919 ||| STAIRDANCE
  3919 | D:5      | Noticed a water moccasin
  3932 | D:4      | HP: 7/36 [scorpion (6)]
  3935 | D:4      | HP: 3/36 [orc/+0 dagger (2)]
  3939 | D:4      | Slain by a scorpion

Levels and vault maps discovered:
D:1:      kb_arrival_jail, layout_basic
D:2:      cheibrodos_helix_gallery, layout_loops_corners,
          uniq_crazy_yiuf_cottage
D:3:      layout_loops_corners, mainiacjoe_overflow_alcove_2, amethyst_killhole,
          uniq_robin
D:4:      layout_layer_cave
D:5:      layout_gridville, kennysheep_okawaru_gauntlet,
          pdpol_wu_jian_five_deadly_venoms, minmay_chambers_of_fives

Skill      XL: |  1  2  3  4  5 |
---------------+----------------+-----
Ranged Weapons | 6 7 8 9 |  9.2
Fighting       | 2 |  2.6
Dodging        | |  2.6
Stealth        | |  1.2

Action                     |  1- 3 |  4- 6 || total
---------------------------+-------+-------++-------
   Fire: Shortbow          |   118 |   158 ||   276
    Use: Scroll            |     5 |     7 ||    12
         Potion            |       |     1 ||     1
 Armour: Leather armour    |     2 |       ||     2
         Ring mail         |     8 |    44 ||    52
  Dodge: Dodged            |    29 |    57 ||    86

Table legend:
 A = Non-vault XP
 B = Vault XP
 C = Vault XP percentage of total XP
 D = Non-vault monster count
 E = Vault monster count
 F = Vault count percentage of total count
                 A         B        C        D         E       F
            +---------+---------+-------+---------+---------+-------
      Total |     440 |      20 |   4.3 |      87 |       4 |   4.4
            +---------+---------+-------+---------+---------+-------
        D:1 |      44 |       0 |   0.0 |      25 |       0 |   0.0
        D:2 |      57 |       3 |   5.0 |      25 |       2 |   7.4
        D:3 |      70 |      17 |  19.5 |      28 |       2 |   6.7
        D:4 |     269 |       0 |   0.0 |       9 |       0 |   0.0
            +---------+---------+-------+---------+---------+-------
